AoeStats
← LE | Emaxcito2

Northern Isles

511990607Analyzed
1v1 RM · 9d ago on Oct 7, 2026· 33m 52s· 2 players
Game mode
Random Map
Map size
Tiny (2 player)
Population
200
Speed
Normal
Resources
Standard
Victory
Conquest
Starting age
Dark Age
Ending age
Imperial Age
RankedLock teamsTeams togetherTeam positionsShared explorationLock speedFull tech treeHidden civsTurbo modeCheats
Victory
Defeat
🇪🇸 Japanese · Spain
1905
+17
vs
🇵🇪 Varangians · Peru
1917
-17
DK_Odysseo
9:20 Feudal Age
11:18 Double-Bit Axe
17:47 Castle Age
15:35 Loom
17:52 Fletching
18:46 Bow Saw
18:53 Bodkin Arrow
19:38 Padded Archer Armor
22:59 Town Watch
LE | Emaxcito2
8:35 Loom
10:59 Feudal Age
15:13 Castle Age
Connection lost

Rejoining the realm…

Still unreachable

The connection could not be restored.

Session expired

The server has moved on; the page needs a fresh start.